 Dungeon Crawl Stone Soup version 0.28-a0-589-g333b8329f1 (webtiles) character file.

Game seed: 461227957458870359

306 ytrimaz the Chopper (level 6, -3/55 HPs)
             Began as a Minotaur Fighter on Oct 4, 2021.
             Slain by Crazy Yiuf (5 damage)
             ... on level 2 of the Dungeon.
             The game lasted 00:02:29 (2132 turns).

ytrimaz the Chopper (Minotaur Fighter)              Turns: 2132, Time: 00:02:34

Health: -3/55      AC:  7    Str: 23    XL:     6   Next: 16%
Magic:  0/5        EV:  9    Int:  5    God:
Gold:   93         SH:  6    Dex:  9    Spells: 5/5 levels left

rFire   . . .      SeeInvis .   a - +0 war axe
rCold   . . .      Faith    .   t - +2 buckler
rNeg    . . .      Spirit   +   b - +0 scale mail
rPois   .          Reflect  .   (helmet restricted)
rElec   .          Harm     .   (no cloak)
rCorr   .          Rampage  .   (no gloves)
Will    .....                   (no boots)
Stlth   ..........              g - amulet of guardian spirit
HPRegen 0.18/turn               (no ring)
MPRegen 0.09/turn               (no ring)

@: lethally poisoned (-3 -> -10)
A: horns 2, retaliatory headbutt
a: no special abilities


You were on level 2 of the Dungeon.
You visited 1 branch of the dungeon, and saw 2 of its levels.

You collected 93 gold pieces.

Inventory:

Hand Weapons
 a - a +0 war axe (weapon)
Armour
 b - a +0 scale mail (worn)
 t - a +2 buckler (worn)
Jewellery
 g - an amulet of guardian spirit (around neck)
 q - a ring of fire
Wands
 o - a wand of flame (5)
Scrolls
 d - 2 scrolls of identify {unknown}
 e - 2 scrolls of enchant weapon {unknown}
 h - a scroll of holy word {unknown}
 k - 2 scrolls of magic mapping {unknown}
 n - a scroll of silence {unknown}
 s - 3 scrolls of noise {unknown}
Potions
 f - 2 potions of curing {unknown}
 j - 2 potions of magic {unknown}
 l - a potion of brilliance {unknown}
 m - a potion of berserk rage {unknown}
 p - 2 potions of mutation {unknown}
 r - a potion of haste {unknown}


   Skills:
 + Level 4.9 Fighting
 + Level 5.6 Axes
 + Level 4.8 Armour
 + Level 4.6 Shields


You had 5 spell levels left.
You didn't know any spells.
Your spell library was empty.

Dungeon Overview and Level Annotations

Branches:
Dungeon (2/15)

Altars:

Annotations:
D:2 Crazy Yiuf


Innate Abilities, Weirdness & Mutations

You have a pair of horns on your head.
You reflexively headbutt those who attack you in melee.


Message History

You start waiting.
Crazy Yiuf says, "Whippet!
Tonal cower forty-two."
Crazy Yiuf grits, "Blight horse leg!"
Crazy Yiuf laughs, "Papa tired King!"
Crazy Yiuf says, "Hah green turtle!"
Crazy Yiuf grits, "Ten!"
Crazy Yiuf laughs, "Adder!"
Crazy Yiuf twirls on the spot. x2
Crazy Yiuf flaps his cloak.
Crazy Yiuf whimpers, "Mugger hand wrapper!"
Crazy Yiuf sings, "Trees, trees, trees, circus!"
Crazy Yiuf screams, "Snurf wrapper water!"
Crazy Yiuf laughs, "Papa!"
Crazy Yiuf cries, "Action koolooloo unthinkable!"
Done waiting.
Unknown command.
You open the door.
Crazy Yiuf says, "East!
Candle mumblescurry Orb Guardian."
You barely miss Crazy Yiuf.
You headbutt Crazy Yiuf, but do no damage.
Crazy Yiuf hits you with a +4 quarterstaff of chaos!
You are electrocuted!
You closely miss Crazy Yiuf. Crazy Yiuf barely misses you.
You slash Crazy Yiuf!
Crazy Yiuf is heavily wounded.
Crazy Yiuf hits you with a +4 quarterstaff of chaos!
You are electrocuted!!
* * * LOW HITPOINT WARNING * * *
You slash Crazy Yiuf!
Crazy Yiuf is severely wounded.
Crazy Yiuf hits you with a +4 quarterstaff of chaos!
* * * LOW HITPOINT WARNING * * *
You are lethally poisoned!
You hit Crazy Yiuf.
Crazy Yiuf is almost dead.
* * * LOW HITPOINT WARNING * * *
You feel very sick. Crazy Yiuf barely misses you.
Crazy Yiuf hits you with a +4 quarterstaff of chaos.
You die...

#######<.......#....
####.##..#.### #.....#'###
##......... #.........
#......... ####♣♣ ###
#..).#.... ##..#.♣♣ ♣♣#..)#
#....##### #......♣♣♣♣@g...#
#......... ##....♣..♣..♣#...#
#...#####. #....#..♣.♣♣♣ ###
#...# #. #...##♣♣♣♣♣ ##### #.
#...# #########
#...#################........
#............................
#............................
##########...................


You could see Crazy Yiuf.

Vanquished Creatures
  Sigmund (D:2)
  Natasha (thrice) (D:2)
  Terence (D:2)
  A worm (D:2)
  4 ball pythons
  4 endoplasms
  A giant cockroach (D:1)
  2 goblins
  3 hobgoblins (D:1)
  5 kobolds
  A quokka (D:1)
  3 bats
  6 frilled lizards
  6 rats
41 creatures vanquished.

Notes
Turn   | Place    | Note
-------+----------+-------------------------------------------
     0 | D:1      | ytrimaz the Minotaur Fighter began the quest for the Orb.
     0 | D:1      | Reached XP level 1. HP: 19/19 MP: 0/0
   242 | D:1      | Reached XP level 2. HP: 22/27 MP: 1/1
   557 | D:1      | Found a faded altar of an unknown god.
  1145 | D:2      | Reached XP level 3. HP: 33/33 MP: 2/2
  1173 | D:2      | Found a runed translucent door.
  1174 | D:2      | Noticed Crazy Yiuf
  1224 | D:2      | Noticed Terence
  1234 | D:2      | Killed Terence
  1235 | D:2      | Reached skill level 3 in Axes
  1356 | D:2      | Noticed Natasha
  1376 | D:2      | Killed Natasha
  1377 | D:2      | Reached XP level 4. HP: 20/41 MP: 1/3
  1781 | D:2      | Noticed Sigmund
  1796 | D:2      | Killed Sigmund
  1797 | D:2      | Reached skill level 5 in Axes
  1797 | D:2      | Reached XP level 5. HP: 40/47 MP: 1/4
  1955 | D:2      | Noticed Natasha
  1960 | D:2      | Killed Natasha
  1961 | D:2      | Reached XP level 6. HP: 55/55 MP: 5/5
  1962 | D:2      | Noticed Natasha
  1969 | D:2      | Killed Natasha
  2132 | D:2      | HP: 2/55 [poisoned by Crazy Yiuf]
  2132 | D:2      | Slain by Crazy Yiuf

Illustrated notes

Levels and vault maps discovered:
D:1:      lightli_arrival_maybe_door_vault, layout_loops_corners,
          ebering_ecumenical_altar_mist, nrook_mini_vaults, hangedman_decor_push
D:2:      layout_basic, minmay_indecisive_spiral, uniq_crazy_yiuf_cottage,
          uniq_sigmund, uniq_natasha, uniq_terence

Skill      XL: |  1  2  3  4 |
---------------+-------------+-----
Fighting       | 4 |  4.9
Shields        | 4 |  4.6
Armour         | 4 |  4.8
Axes           | 3 5 |  5.6

Action                   |  1- 3 |  4- 6 || total
-------------------------+-------+-------++-------
Melee: War axe           |    71 |    27 ||    98
       Headbutt          |     9 |     4 ||    13
  Use: Potion            |     1 |     1 ||     2
Armor: Scale mail        |    52 |     7 ||    59
Dodge: Dodged            |    40 |     8 ||    48
Block: Buckler           |    20 |     4 ||    24

Table legend: (Time is in decaauts)
 A = Elapsed time spent in this place.
 B = Non-inter-level travel time spent in this place.
 C = Inter-level travel time spent in this place.
 D = Time resting spent in this place.
 E = Time spent auto-exploring this place.
 F = Levels seen in this place.
 G = Mean time per level.
                   A        B        C        D        E       F      G
               +--------+--------+--------+--------+--------+-----+--------+
         Total |   2208 |   2174 |     34 |    342 |   1409 |   2 | 1104.0 |
       Dungeon |   2208 |   2174 |     34 |    342 |   1409 |   2 | 1104.0 |
               +--------+--------+--------+--------+--------+-----+--------+

Top non-repeatable levels by time:
     D:2: 1240 daAuts
     D:1: 968 daAuts
